 Dungeon Crawl Stone Soup version 0.30-b1-2-g02819fbbbe (webtiles) character file.

Game seed: 1952393353408467

18120 Mesmaeker13 the Protected (level 12, -1/103 HPs)
             Began as a Barachi Hunter on Sept 19, 2023.
             Was a High Priest of Ru.
             Slain by a yak (6 damage)
             ... on level 2 of the Lair of Beasts.
             The game lasted 00:30:25 (14662 turns).

Mesmaeker13 the Protected (Barachi Hunter)         Turns: 14662, Time: 00:30:25

Health: -1/103     AC: 13    Str: 12    XL:     12   Next: 55%
Magic:  10/12      EV: 14    Int: 11    God:    Ru [*****.]
Gold:   680        SH:  5    Dex: 20    Spells: 11/11 levels left

rFire   + . .        a - +2 arbalest (flame)
rCold   + . .        (shield currently unavailable)
rNeg    . . .        R - +0 ring mail {rPois}
rPois   +            i - +0 helmet
rElec   .            k - +0 cloak
rCorr   .            (no gloves)
SInv    .            O - +1 pair of boots
Will    .....        m - amulet of reflection Stlth
                     p - ring of protection from cold
HPRegen 0.37/turn    B - ring of protection from fire
MPRegen 0.13/turn

%: reflection
@: studying Armour, unable to drink, slow
A: amphibious, slowness 1, inability to drink after injury 2, no stealth, hated
by all, no fire magic, no hexes magic, no necromancy magic, strong legs 1, +LOS
a: Hop, Renounce Religion, Draw Out Power, Power Leap, Apocalypse


You were on level 2 of the Lair of Beasts.
You worshipped Ru.
Ru was extremely pleased with you.
You visited 2 branches of the dungeon, and saw 12 of its levels.
You also visited: Sewer and Bailey.

You collected 825 gold pieces.
You spent 145 gold pieces at shops.

Inventory:

Hand Weapons
 a - a +2 arbalest of flaming (weapon)
 c - a +0 great sword
 h - a +2 scimitar of flaming
Missiles
 e - 32 poisoned darts
 y - 2 curare-tipped darts
 I - 29 javelins
Armour
 i - a +0 helmet (worn)
 k - a +0 cloak (worn)
 G - +0 acid dragon scales
 O - a +1 pair of boots (worn)
 Q - the +3 pair of boots of Mutualism {Contam Harm rN+}
   (You found it on level 1 of the Lair of Beasts)

   rN:        It protects you from negative energy.
   Contam:    It causes magical contamination when unequipped.
   Harm:      It increases damage dealt and taken.
 R - a +0 ring mail of poison resistance (worn)
Jewellery
 m - an amulet of reflection (around neck)
 p - a ring of protection from cold (left hand)
 r - an amulet of guardian spirit
 B - a ring of protection from fire (right hand)
 C - a ring of protection from cold
Wands
 t - a wand of flame (18)
 K - a wand of quicksilver (7)
 L - a wand of iceblast (12)
Scrolls
 b - 5 scrolls of immolation
 d - 7 scrolls of teleportation
 j - a scroll of blinking
 l - 7 scrolls of enchant armour
 n - 4 scrolls of fog
 s - a scroll of fear {unknown}
 w - 5 scrolls of vulnerability {unknown}
 x - 2 scrolls of noise
 E - a scroll of amnesia {unknown}
 F - a scroll of silence {unknown}
 N - a scroll of poison
Potions
 f - 3 potions of brilliance {unknown}
 g - 2 potions of lignification
 q - 5 potions of flight
 u - 2 potions of haste
 v - a potion of invisibility
 z - a potion of attraction {unknown}
 A - 2 potions of heal wounds
 D - 2 potions of magic {unknown}
 H - 2 potions of cancellation {unknown}
 J - 3 potions of curing
 M - 2 potions of might {unknown}
Miscellaneous
 P - a lightning rod (4/4)


   Skills:
 + Level 12.4 Fighting
 + Level 1.5 Long Blades
 + Level 11.1 Ranged Weapons
 + Level 13.6 Armour
 - Level 5.4 Dodging
 + Level 10.9 Evocations


You had 11 spell levels left.
You didn't know any spells.
Your spell library contained the following spells:

 Spells                   Type           Power      Damage    Failure   Level
 Lesser Beckoning         Tloc           0%         N/A       67%         2
 Poisonous Vapours        Pois/Air       0%         N/A       67%         2
 Gell's Gravitas          Tloc           0%         N/A       88%         3
 Mephitic Cloud           Conj/Pois/Air  0%         N/A       88%         3
 Ozocubu's Armour         Ice            0%         N/A       88%         3
 Teleport Other           Tloc           0%         N/A       88%         3
 Freezing Cloud           Conj/Ice/Air   0%         6-21      100%        5
 Eringya's Noxious Bog    Tmut/Pois      0%         N/A       100%        6
 Ozocubu's Refrigeration  Ice            0%         4d7       100%        7
 Dazzling Flash           Conj/Hex       Unusable   N/A       N/A         3
 Agony                    Necr           Unusable   N/A       N/A         5
 Silence                  Hex/Air        Unusable   N/A       N/A         5
 Summon Forest            Summ/Tloc      Unusable   N/A       N/A         5
 Summon Hydra             Summ           Unusable   N/A       N/A         7

Dungeon Overview and Level Annotations

Branches:
Dungeon (10/15)            Temple (0/1) D:7            Lair (2/5) D:9
 Spider (0/4) Lair:2          Orc (0/2) D:9           Sewer (visited)
 Bailey (visited)
  Swamp: Lair:2-3    Shoals: Lair:2-3

Altars:
Gozag
Kikubaaqudgha
Makhleb
Qazlal
Ru
Trog
Uskayaw
Zin

Shops:
D:4 **   D:5 =   D:7 *((:   D:8 [   D:10 *


Innate Abilities, Weirdness & Mutations

You are amphibious.
You cover ground slowly.
You sometimes lose the ability to drink potions when taking damage.
You cannot be stealthy.
You are hated by all.
You cannot study or cast Fire magic.
You cannot study or cast Hexes magic.
You cannot study or cast Necromancy magic.
You can hop short distances.
You have an extended range of vision and can be seen from far away.


Message History

Press: ? - help, Q - select action, (/) - cycle Shift-Dir - straight line, f/p - yak
Aim: a yak (moderately wounded, 79% to hit)
You shoot a bolt. The bolt hits the yak!!
The bolt burns the yak!
You kill the yak!
The yak gores you.
* * * LOW HITPOINT WARNING * * *
The yak is stunned by your conviction and fails to attack.
Fire: a) +2 arbalest (flame)
Press: ? - help, Q - select action, (/) - cycle Shift-Dir - straight line, f - yak
Aim: a yak (79% to hit)
You shoot a bolt.
The bolt hits the yak but does no damage.
The yak closely misses you.
Fire: a) +2 arbalest (flame)
Press: ? - help, Q - select action, (/) - cycle Shift-Dir - straight line, f/p - yak
Aim: a yak (79% to hit)
You shoot a bolt. The bolt barely misses the yak.
The yak barely misses you.
Unknown command.
Fire: a) +2 arbalest (flame)
Press: ? - help, Q - select action, (/) - cycle Shift-Dir - straight line, f/p - yak
Aim: a yak (79% to hit)
You shoot a bolt. The bolt hits the yak!
The bolt burns the yak.
The yak is heavily wounded.
The yak is stunned by your conviction and fails to attack.
The yak gores you.
* * * LOW HITPOINT WARNING * * *
Fire: a) +2 arbalest (flame)
Press: ? - help, Q - select action, (/) - cycle Shift-Dir - straight line, f/p - yak
Aim: a yak (heavily wounded, 79% to hit)
You shoot a bolt. The bolt closely misses the yak.
The yak misses you.
Unknown command.
Fire: a) +2 arbalest (flame)
Press: ? - help, Q - select action, (/) - cycle Shift-Dir - straight line, f/p - yak
Aim: a yak (heavily wounded, 79% to hit)
You shoot a bolt. The bolt hits the yak.
The bolt burns the yak.
The yak is heavily wounded.
The yak gores you.
You die...

.........†....♣.♣
....(((.......P♣
.....P(.......♣♣♣
....(.(.......♣.♣
........†......♣
#.................#
#...........#.....#♣ ..
#.............Y...P♣♣.
..##.....#......@..†.....
..#......#.....#.....##..
. #......#...........###.
# #.......+.##.......#.##
####.....................
.........................
.........................
.........................
+........##.###..........


You could see a yak.

Vanquished Creatures
  Erica (Lair:2)
  A boulder beetle (D:10)
  A skyshark (Lair:2)
  2 deep elf pyromancers
  An ugly thing (D:10)
  A black mamba (Lair:1)
  4 cane toads
  A komodo dragon (Lair:2)
  A rime drake (Lair:1)
  A tengu conjurer (D:9)
  Maggie (D:6)
  An unseen horror zombie (D:9)
  2 trolls
  2 hornets
  3 blink frogs (Lair:1)
  A culicivora (Lair:2)
  3 wyverns
  A wraith (D:10)
  18 yaks
  A basilisk (D:9)
  A vampire mosquito (D:9)
  Menkaure (D:7)
  7 water moccasins
  14 orc warriors
  2 sky beasts
  A black bear (D:5)
  An ice beast (D:5)
  6 wolves (Lair:1)
  14 centaurs
  A phantom (D:6)
  6 kobold brigands (Sewer)
  A gnoll sergeant (D:9)
  7 bullfrogs
  2 scorpions (D:5)
  9 wights
  2 howler monkeys
  An electric eel (Lair:1)
  3 centaur zombies (D:9)
  3 hounds
  10 orc priests
  2 jellies
  4 iguanas
  Ijyb (D:3)
  16 orc wizards
  5 howler monkey zombies (D:9)
  4 gnolls
  12 adders
  7 river rats
  4 white imps
  3 worms
  6 dart slugs
  59 orcs
  6 bats
  8 endoplasms
  5 giant cockroaches
  11 goblins
  11 hobgoblins
  A jackal (D:3)
  13 kobolds
  9 quokkas
  8 ball pythons
  2 frilled lizards
  9 rats
345 creatures vanquished.

Vanquished Creatures (others)
  A wyvern (D:9)
  A yak (Lair:1)
  A vampire mosquito (D:8)
  An orc warrior (D:6)
  A centaur (Bailey)
  An iguana (D:6)
  An adder (D:5)
  3 orcs
  2 bushes
  8 fungi
  35 plants
  4 withered plants (D:9)
59 creatures vanquished.

Grand Total: 404 creatures vanquished

Notes
Turn   | Place    | Note
-------+----------+-------------------------------------------
     0 | D:1      | Mesmaeker13 the Barachi Hunter began the quest for the Orb.
     0 | D:1      | Reached XP level 1. HP: 17/17 MP: 1/1
   146 | D:1      | Reached XP level 2. HP: 23/23 MP: 2/2
   381 | D:1      | Reached XP level 3. HP: 29/29 MP: 3/3
   913 | D:2      | Found a faded altar of an unknown god.
  1181 | D:3      | Found a sacrificial altar of Ru.
  1230 | D:3      | Became a worshipper of Ru the Awakened
  1371 | D:3      | Reached XP level 4. HP: 29/35 MP: 4/4
  1501 | D:3      | Noticed Ijyb
  1510 | D:3      | Killed Ijyb
  1511 | D:3      | Reached skill level 1 in Evocations
  2196 | D:4      | Found Curhu's General Store.
  2198 | D:4      | Found Wujeff's Specific Store.
  2278 | D:4      | Reached XP level 5. HP: 42/42 MP: 5/5
  2549 | D:4      | Gained mutation: You cannot study or cast Fire magic. [Ru
                  | sacrifice]
  2549 | D:4      | Gained mutation: You cannot study or cast Hexes magic. [Ru
                  | sacrifice]
  2549 | D:4      | Gained mutation: You cannot study or cast Necromancy magic.
                  | [Ru sacrifice]
  2549 | D:4      | Reached * piety under Ru
  2712 | D:4      | Reached skill level 5 in Ranged Weapons
  2915 | D:5      | Entered Level 5 of the Dungeon
  2923 | D:5      | Found Cogojom's Jewellery Emporium.
  2931 | D:5      | Reached XP level 6. HP: 49/49 MP: 6/6
  3131 | D:5      | Noticed a black bear
  3204 | D:5      | Found a glowing drain.
  3219 | Sewer    | Entered a sewer
  3418 | Sewer    | Reached skill level 5 in Fighting
  3418 | Sewer    | Reached XP level 7. HP: 56/56 MP: 7/7
  3701 | Sewer    | Reached skill level 5 in Dodging
  3791 | Sewer    | Reached XP level 8. HP: 64/64 MP: 8/8
  4080 | D:5      | Reached skill level 1 in Armour
  4472 | D:5      | Reached skill level 2 in Armour
  4887 | D:5      | Reached skill level 5 in Evocations
  4908 | D:5      | Found a bloodstained altar of Trog.
  4971 | D:6      | Noticed Maggie
  5273 | D:6      | Reached skill level 3 in Armour
  5306 | D:5      | Gained mutation: You are hated by all. [Ru sacrifice]
  5306 | D:5      | Reached ** piety under Ru
  5306 | D:5      | Reached *** piety under Ru
  5588 | D:6      | Reached XP level 9. HP: 72/72 MP: 9/9
  5796 | D:6      | Killed Maggie
  5797 | D:6      | Reached skill level 4 in Armour
  6467 | D:7      | Noticed Menkaure
  6484 | D:7      | Killed Menkaure
  6721 | D:7      | Reached skill level 5 in Armour
  6757 | D:7      | Found a flagged portal.
  6773 | Bailey   | Entered a bailey
  7508 | Bailey   | Reached skill level 6 in Armour
  7508 | Bailey   | Reached XP level 10. HP: 76/82 MP: 10/10
  9117 | D:7      | Found a staircase to the Ecumenical Temple.
  9153 | D:7      | Reached skill level 7 in Armour
  9436 | D:7      | Found a hide-covered altar of Uskayaw.
  9441 | D:7      | Gained mutation: You cannot be stealthy. [Ru sacrifice]
  9717 | D:7      | Found Tonuitul's Book Emporium.
  9779 | D:7      | Found Alya's Weapon Emporium.
  9779 | D:7      | Found Suerghosk's Assorted Antiques.
  9785 | D:7      | Found Somoef's Weapon Emporium.
  9799 | D:7      | Bought a bronze ring for 145 gold pieces
 10180 | D:8      | Found Faogul Xole's Armour Boutique.
 10345 | D:8      | Reached skill level 8 in Armour
 10686 | D:8      | Reached skill level 10 in Fighting
 10796 | D:9      | Noticed a deep elf pyromancer
 10801 | D:9      | Killed a deep elf pyromancer
 10802 | D:9      | Reached skill level 9 in Armour
 10802 | D:9      | Reached XP level 11. HP: 74/91 MP: 11/11
 11236 | D:9      | Reached skill level 10 in Armour
 11839 | D:9      | Found a staircase to the Lair.
 12288 | D:9      | Found a staircase to the Orcish Mines.
 12375 | D:10     | Entered Level 10 of the Dungeon
 12425 | D:10     | Found a glowing silver altar of Zin.
 12430 | D:10     | Found Xylevo's General Store.
 12530 | D:10     | Gained mutation: You occasionally lose the ability to drink
                  | potions when taking damage. [Ru sacrifice]
 12530 | D:10     | Gained mutation: You sometimes lose the ability to drink
                  | potions when taking damage. [Ru sacrifice]
 12530 | D:10     | Reached **** piety under Ru
 12530 | D:10     | Reached ***** piety under Ru
 12762 | D:10     | Noticed a boulder beetle
 12770 | D:10     | Noticed a green ugly thing
 12775 | D:10     | Killed a green ugly thing
 12775 | D:10     | Noticed a deep elf pyromancer
 12776 | D:10     | Reached skill level 11 in Armour
 12779 | D:10     | Killed a deep elf pyromancer
 12780 | D:10     | Reached skill level 10 in Ranged Weapons
 12790 | D:10     | Killed a boulder beetle
 13032 | D:10     | Found an ancient bone altar of Kikubaaqudgha.
 13032 | D:10     | Found a burning altar of Makhleb.
 13073 | D:10     | Found an opulent altar of Gozag.
 13364 | Lair:1   | Entered Level 1 of the Lair of Beasts
 13364 | Lair:1   | Found a stormy altar of Qazlal.
 13372 | Lair:1   | Reached skill level 10 in Evocations
 13555 | Lair:1   | Reached skill level 12 in Armour
 13570 | Lair:1   | Reached XP level 12. HP: 83/101 MP: 12/12
 13932 | Lair:1   | Identified the +3 pair of boots of Mutualism {Contam Harm
                  | rN+}
 14170 | Lair:1   | You fall into a shaft and drop 1 floor!
 14170 | Lair:2   | Noticed Erica
 14173 | Lair:2   | Killed Erica
 14174 | Lair:2   | Reached skill level 13 in Armour
 14312 | Lair:2   | Found a hole to the Spider Nest.
 14353 | Lair:2   | Noticed a skyshark
 14363 | Lair:2   | Killed a skyshark
 14639 | Lair:2   | Reached skill level 1 in Long Blades
 14660 | Lair:2   | HP: 4/103 [yak (6)]
 14662 | Lair:2   | Slain by a yak

Illustrated notes

Levels and vault maps discovered:
D:1:      onia_arrival_mini_spirals, layout_loops_ring
D:2:      layout_rooms, hellmonk_ecumenical_altar_pennies_from_heaven,
          grunt_decor_arrowhead, nicolae_elevator_lobby_plus
D:3:      layout_basic, mainiacjoe_overflow_paths, minmay_checkerbox, uniq_ijyb
D:4:      layout_loops_cross, chequers_mini_garden, minivault_25,
          grunt_ministairs_9, nicolae_specific_store
D:5:      layout_rooms, marbit_many_paths, serial_shops, shop,
          gup_sewer_entry_bubbles
D:6:      layout_gridville, uniq_maggie
D:7:      layout_loops_ring, nicolae_uskayaw_murder_on_the_dancefloor,
          minmay_temple_entry_proselytizer, enter_bailey_5,
          minmay_shop_grid_forest, minivault_4, uniq_menkaure
D:8:      layout_rooms, serial_shops, nicolae_shop_tiny_glass
D:9:      layout_gridville, mainiacjoe_overflow_alcove_1,
          minmay_lair_entry_grove, serial_undead, serial_undead_d,
          serial_undead_a, serial_undead_c, serial_undead_b
D:10:     minmay_blocky_corners, layout_gridville, kennysheep_mini,
          chequers_temple_overflow_statue_of_worship, serial_shops,
          nicolae_shop_crystal
Lair:1:   layout_gridlike, basic_altar
Lair:2:   lemuel_slime, layout_regular_city, spider_nest_entry_rubble,
          wad_woods_river_04, infiniplex_staircase_pool, lemuel_fruit_tree,
          uniq_erica

Skill      XL: |  1  2  3  4  5  6  7  8  9 10 11 12 |
---------------+-------------------------------------+-----
Fighting       | 3 4 5 7 8 10 11 12 | 12.4
Dodging        | 3 4 5 |  5.4
Evocations     | 1 2 3 4 5 7 8 10 | 10.9
Ranged Weapons | 5 6 8 9 10 11 | 11.1
Armour         | 3 6 9 12 13 | 13.6
Long Blades    | 1 |  1.5

Action                     |  1- 3 |  4- 6 |  7- 9 | 10-12 || total
---------------------------+-------+-------+-------+-------++-------
  Melee: Whip              |       |    42 |    66 |       ||   108
         Broad axe         |       |       |    42 |   287 ||   329
         Punch             |       |       |     1 |     4 ||     5
         Scimitar          |       |       |       |     8 ||     8
   Fire: Shortbow          |    90 |   176 |   354 |   278 ||   898
         Arbalest          |       |       |       |   149 ||   149
 Invoke: Sacrifice Arcana  |       |     1 |       |       ||     1
         Sacrifice Love    |       |       |     1 |       ||     1
         Draw Out Power    |       |       |     2 |     3 ||     5
         Sacrifice Stealth |       |       |       |     1 ||     1
         Power Leap        |       |       |       |     2 ||     2
         Sacrifice Drink   |       |       |       |     1 ||     1
Ability: Hop               |       |       |     1 |     2 ||     3
  Evoke: Wand              |     4 |     3 |    25 |    30 ||    62
         Lightning rod     |       |       |       |     2 ||     2
    Use: Scroll            |       |     3 |     4 |     7 ||    14
         Potion            |       |     1 |     2 |     3 ||     6
   Stab: Invisible         |       |       |     2 |     2 ||     4
         Distracted        |       |       |     1 |     1 ||     2
 Armour: Leather armour    |     9 |    33 |    26 |       ||    68
         Acid dragon scale |       |       |    40 |    50 ||    90
         Ring mail         |       |       |       |   220 ||   220
         Skin              |       |       |       |     5 ||     5
  Dodge: Dodged            |    13 |    78 |   159 |   429 ||   679
  Block: Other             |       |       |    15 |   126 ||   141
         Reflection        |       |       |       |     2 ||     2
